 Dungeon Crawl Stone Soup version 0.30-a0-946-gec5dcfc036 (webtiles) character file.

Game seed: 4759473961977440913

274 tilp the Digger (level 6, -9/52 HPs)
             Began as a Meteoran Earth Elementalist on Mar 26, 2023.
             Was a Follower of Makhleb.
             Mangled by a black bear (12 damage)
             ... on level 7 of the Dungeon.
             The game lasted 00:05:15 (626 turns).

tilp the Digger (Meteoran Earth Elementalist)        Turns: 626, Time: 00:05:15

Health: -9/52      AC:  2    Str: 11    XL:     6   Next: 79%
Magic:  2/11       EV: 13    Int: 18    God:    Makhleb [*.....]
Gold:   117        SH:  0    Dex: 14    Spells: 7/11 levels left

rFire   . . .      SeeInvis .    a - +1 short sword (elec)
rCold   . . .      Faith    .    m - orb {mayhem}
rNeg    . . .      Spirit   .    e - +0 robe
rPois   .          Reflect  .    (no helmet)
rElec   .          Rampage  .    (no cloak)
rCorr   .                        (no gloves)
Will    .....                    (no boots)
Stlth   +                        (no amulet)
HPRegen 0.28/turn                (no ring)
MPRegen 0.12/turn                (no ring)

@: very slightly contaminated, glowing
A: sense surroundings 1, otherworldly, glowing, explore regen
a: Renounce Religion


You were on level 7 of the Dungeon.
You worshipped Makhleb.
Makhleb was aware of your devotion.
You visited 1 branch of the dungeon, and saw 7 of its levels.

You collected 117 gold pieces.

Inventory:

Hand Weapons
 a - a +1 short sword of electrocution (weapon)
 b - a +0 dagger of flaming
Missiles
 g - 5 stones
Armour
 e - a +0 robe (worn)
 m - an orb of mayhem (worn)
Wands
 k - a wand of roots (11)
Scrolls
 d - a scroll of acquirement
 n - a scroll of identify {unknown}
Potions
 c - a potion of attraction {unknown}
 f - a potion of heal wounds {unknown}
 h - a potion of might {unknown}
 i - a potion of ambrosia {unknown}
 j - a potion of curing {unknown}
 l - a potion of magic


   Skills:
 * Level 3.9 Fighting
 + Level 3.8 Dodging
 - Level 1.4 Stealth
 - Level 3.0 Spellcasting
 + Level 0.3 Conjurations
 - Level 1.2 Transmutations
 * Level 5.8 Earth Magic


You had 7 spell levels left.
You knew the following spells:

 Your Spells              Type           Power      Damage    Failure   Level
a - Sandblast             Erth           46%        2d11      1%          1
b - Stone Arrow           Conj/Erth      26%        3d8       14%         3

Your spell library contained the following spells:

 Spells                   Type           Power      Damage    Failure   Level
 Passwall                 Tmut/Erth      12%        N/A       6%          2
 Petrify                  Tmut/Erth      15%        N/A       36%         4


Dungeon Overview and Level Annotations

Branches:
Dungeon (7/15) Zot: 3544   Temple (0/1) D:6

Altars:
Makhleb
Okawaru
Trog
Vehumet
The Shining One


Innate Abilities, Weirdness & Mutations

You passively map a small area around you.
You are easily found by Zot.
You glow in the dark.
You regain HP and MP as you explore.


Message History

The black bear claws you. The black bear barely misses you.
Unknown command.
Casting: Stone Arrow (dangerous; 14% risk of failure)
Confirm with . or Enter, or press ? or * to list all spells.
Aiming: Stone Arrow (dangerous; 14% risk of failure)
Press: ? - help, Shift-Dir - straight line, f/p - black bear
Aim: a black bear (fast, strong, frenzied and insane, 77% to hit)
The stone arrow misses the black bear.
The black bear completely misses you. The black bear barely misses you.
The black bear claws you. The black bear bites you.
The black bear claws you. x2
Unknown command.
Casting: Stone Arrow (dangerous; 14% risk of failure)
Confirm with . or Enter, or press ? or * to list all spells.
You don't have enough magic to cast this spell.
Unknown command.
Unknown command.
Casting: Stone Arrow (dangerous; 14% risk of failure)
Confirm with . or Enter, or press ? or * to list all spells.
You don't have enough magic to cast this spell.
Unknown command.
Unknown command.
You hit the black bear but do no damage.
The black bear bites you but does no damage.
The black bear misses you. The black bear claws you.
You closely miss the black bear.
The black bear bites you but does no damage.
The black bear completely misses you. The black bear claws you.
The black bear bites you!
* * * LOW HITPOINT WARNING * * *
The black bear claws you.
* * * LOW HITPOINT WARNING * * *
The black bear claws you but does no damage.
You hit the black bear but do no damage.
The black bear barely misses you. The black bear claws you.
* * * LOW HITPOINT WARNING * * *
The black bear claws you.
* * * LOW HITPOINT WARNING * * *
Unknown command.
You closely miss the black bear. The black bear bites you!
You die...

#......8.8.8...
###)...........
#..)........... ,
##.).........., ,
*#...##.....#.. ,
, #..........##*
, ##...#.....## ,
* #.....<.#..##,
, ###....###@.##*
,, , ##...##.h$.#
, ##..........# *
*............:..
*
#.)..........#.#
, ,.............#
#
,,...........#...
..##..##.#.#....
* *#.. ..... #..
,


You could see a neutral black bear (fast, strong, insane).

Vanquished Creatures
  An ogre (D:5)
  2 hounds
  A jelly (D:5)
  4 adders
  2 white imps (D:6)
  An ufetubus (D:4)
  10 orcs
  2 ball pythons (D:2)
  A goblin (D:1)
  5 hobgoblins
  A quokka (D:2)
  2 bats (D:1)
  A frilled lizard (D:3)
  2 kobolds
  5 kobold skeletons (D:6)
  A kobold zombie (D:6)
  An orc skeleton (D:6)
  An orc zombie (D:6)
  2 rats
45 creatures vanquished.

Notes
Turn   | Place    | Note
-------+----------+-------------------------------------------
     0 | D:1      | tilp the Meteoran Earth Elementalist began the quest for
                  | the Orb.
     0 | D:1      | Reached XP level 1. HP: 14/14 MP: 5/5
    46 | D:1      | Reached XP level 2. HP: 19/22 MP: 2/6
    49 | D:1      | Reached skill level 1 in Fighting
   113 | D:2      | Found a burning altar of Makhleb.
   119 | D:2      | Became a worshipper of Makhleb the Destroyer
   123 | D:2      | Reached skill level 4 in Earth Magic
   123 | D:2      | Reached XP level 3. HP: 28/28 MP: 3/8
   130 | D:2      | Learned a level 3 spell: Stone Arrow
   303 | D:4      | Identified a scroll of acquirement
   316 | D:4      | Reached XP level 4. HP: 36/36 MP: 1/9
   318 | D:4      | Found a bloodstained altar of Trog.
   318 | D:4      | Found a radiant altar of Vehumet.
   319 | D:4      | Found an iron altar of Okawaru.
   363 | D:5      | Entered Level 5 of the Dungeon
   371 | D:5      | Reached XP level 5. HP: 32/42 MP: 3/10
   372 | D:5      | Reached skill level 5 in Earth Magic
   375 | D:5      | Noticed an ogre
   383 | D:5      | Killed an ogre
   384 | D:5      | Reached XP level 6. HP: 42/51 MP: 1/11
   457 | D:6      | Noticed a centaur
   457 | D:6      | Noticed a centaur
   458 | D:6      | Noticed a centaur
   458 | D:6      | Noticed a centaur
   458 | D:6      | Noticed a centaur
   510 | D:6      | Found a staircase to the Ecumenical Temple.
   522 | D:6      | Reached * piety under Makhleb
   526 | D:6      | Found a glowing golden altar of the Shining One.
   615 | D:7      | Noticed a black bear
   625 | D:7      | HP: 2/52 [black bear (5)]
   626 | D:7      | Mangled by a black bear

Illustrated notes

Levels and vault maps discovered:
D:1:      psy_arrival_whirlpool, layout_basic, chequers_serial_rivers_micro_c
D:2:      layout_basic, basic_altar
D:3:      layout_loops_ring, cheibrodos_worm_habitat,
          mainiacjoe_overflow_alcove_1
D:4:      layout_loops_ring, nicolae_wu_jian_glorious_leap,
          fedhas_altar_fruit_tree, nicolae_overflow_quartered_altars,
          serial_shops, nicolae_shop_trees
D:5:      layout_basic, kennysheep_mini, nicolae_dithmenos_shadow_blocks,
          grunt_ministairs_1, nrook_mini_vaults, kennysheep_donut
D:6:      minmay_polygon_palace, layout_layer_cave,
          nicolae_tso_besieged_by_evil, minmay_temple_entry_glass, hex_tiny,
          centaur_isle
D:7:      layout_cave_pools, serial_column_ruins, column_ruins_grid_5,
          column_ruins_temple_hut, column_ruins_open_small, column_ruins_grid_2,
          column_ruins_open_small_water, column_ruins_corridor_water,
          column_ruins_grid_3, column_ruins_open_medium, serial_shops, shop,
          ebering_ghost_disaster_area, st_stairs_3, uniq_pikel

Skill      XL: |  1  2  3  4  5 |
---------------+----------------+-----
Fighting       | 1 2 3 |  3.9
Spellcasting   | 3 |  3.0
Earth Magic    | 4 5 |  5.8
Dodging        | 3 |  3.8
Stealth        | |  1.4
Conjurations   | |  0.3
Transmutations | |  1.2

Action                     |  1- 3 |  4- 6 || total
---------------------------+-------+-------++-------
  Melee: Unarmed           |     1 |       ||     1
         Dagger            |     4 |       ||     4
         Short sword       |       |    14 ||    14
   Cast: Sandblast         |    38 |    24 ||    62
         Stone Arrow       |       |    10 ||    10
    Use: Scroll            |     3 |       ||     3
 Armour: Robe              |     7 |    13 ||    20
  Dodge: Dodged            |    15 |    35 ||    50

Table legend: (Time is in decaauts)
 A = Elapsed time spent in this place.
 B = Non-inter-level travel time spent in this place.
 C = Inter-level travel time spent in this place.
 D = Time resting spent in this place.
 E = Time spent auto-exploring this place.
 F = Levels seen in this place.
 G = Mean time per level.
                   A        B        C        D        E       F      G
               +--------+--------+--------+--------+--------+-----+--------+
         Total |    654 |    648 |      6 |      0 |      0 |   7 |   93.4 |
       Dungeon |    654 |    648 |      6 |      0 |      0 |   7 |   93.4 |
               +--------+--------+--------+--------+--------+-----+--------+

Top non-repeatable levels by time:
     D:6: 169 daAuts
     D:2: 134 daAuts
     D:3: 106 daAuts
     D:1: 73 daAuts
     D:4: 66 daAuts
     D:5: 61 daAuts
     D:7: 43 daAuts
